 Dungeon Crawl Stone Soup version 0.28-a0-1565-g95a8017c83 (webtiles) character file.

Game seed: 5444644001673187079

3594 sanka the Grappler (level 10, 0/80 HPs)
             Began as a Gnoll Cinder Acolyte on Jan 19, 2022.
             Was a High Priest of Ignis.
             Slain by a hornet (1 damage)
             ... on level 9 of the Dungeon.
             The game lasted 00:12:40 (10998 turns).

sanka the Grappler (Gnoll Cinder Acolyte)          Turns: 10998, Time: 00:12:40

Health: 0/80       AC: 34    Str: 15    XL:     10   Next: 10%
Magic:  16/18      EV:  5    Int: 17    God:    Ignis [*****.]
Gold:   389        SH:  0    Dex:  7    Spells: 18/20 levels left

rFire   + + .      SeeInvis .   x - +2 dire flail (protect)
rCold   . . .      Faith    .   (shield currently unavailable)
rNeg    + + .      Spirit   .   A - +10 plate armour of Impressiveness {-Cast rF+ rN++ Will+}
rPois   +          Reflect  .   (no helmet)
rElec   .          Harm     .   (no cloak)
rCorr   .          Rampage  .   (no gloves)
Will    ++...      NoCast   +   b - +0 pair of boots
Stlth   ..........              (no amulet)
HPRegen 0.23/turn               B - ring of willpower
MPRegen 0.16/turn               q - +4 ring of protection

@: lethally poisoned (0 -> -3), under a protective aura, slowed, very slow
A: fangs 1, strong nose, distributed training, poison resistance
a: Renounce Religion, Fiery Armour, Foxfire Swarm, Rising Flame


You were on level 9 of the Dungeon.
You worshipped Ignis.
Ignis was extremely pleased with you.
You visited 2 branches of the dungeon, and saw 10 of its levels.

You collected 389 gold pieces.


Innate Abilities, Weirdness & Mutations

You have very sharp teeth.
Your uncanny sense of smell can sniff out nearby items.
Your experience applies equally to all skills.
Your system is resistant to poisons. (rPois)


   Skills:
 + Level 8.3 Fighting
 + Level 4.9 Short Blades
 + Level 4.9 Long Blades
 + Level 4.9 Axes
 + Level 4.9 Maces & Flails
 + Level 4.9 Polearms
 + Level 4.9 Staves
 + Level 4.9 Slings
 + Level 4.9 Bows
 + Level 4.9 Crossbows
 + Level 4.9 Throwing
 + Level 4.9 Armour
 + Level 4.9 Dodging
 + Level 4.9 Stealth
 + Level 4.9 Shields
 + Level 8.3 Unarmed Combat
 + Level 5.7 Spellcasting
 + Level 4.1 Conjurations
 + Level 4.1 Hexes
 + Level 4.1 Summonings
 + Level 4.1 Necromancy
 + Level 4.1 Translocations
 + Level 4.1 Transmutations
 + Level 6.9 Fire Magic
 + Level 4.1 Ice Magic
 + Level 4.1 Air Magic
 + Level 4.1 Earth Magic
 + Level 4.1 Poison Magic
 + Level 5.4 Invocations
 + Level 4.9 Evocations


You had 18 spell levels left.
You knew the following spells:

 Your Spells              Type           Power      Damage    Failure   Level
y - Scorch                Fire           56%        2d8       58%         2

Your spell library contained the following spells:

 Spells                   Type           Power      Damage    Failure   Level
 Magic Dart               Conj           72%        1d6       83%         1
 Pain                     Necr           72%        1d7       83%         1
 Searing Ray              Conj           36%        2d5       93%         2
 Call Canine Familiar     Summ           18%        N/A       99%         3
 Portal Projectile        Hex/Tloc       36%        N/A       99%         3
 Fulminant Prism          Conj/Hex       9%         3d7       100%        4
 Leda's Liquefaction      Hex/Erth       9%         N/A       100%        4
 Agony                    Necr           18%        N/A       100%        5
 Excruciating Wounds      Necr           9%         N/A       100%        5
 Summon Forest            Summ/Tloc      9%         N/A       100%        5
 Summon Mana Viper        Hex/Summ       18%        N/A       100%        5
 Conjure Ball Lightning   Conj/Air       9%         3x3d6     100%        6
 Summon Cactus Giant      Summ           9%         N/A       100%        6
 Discord                  Hex            9%         N/A       100%        8
 Disjunction              Tloc           9%         N/A       100%        8

Inventory:

Hand Weapons
 x - a +2 dire flail of protection (weapon)
 K - a +2 vorpal battleaxe
Armour
 b - a +0 pair of boots (worn)
 A - the +10 plate armour of Impressiveness (worn) {-Cast rF+ rN++ Will+} rF: It protects you from fire. rN: It greatly protects you from negative energy. -Cast: It prevents spellcasting. Will: It increases your willpower.
 D - a +0 troll leather armour
Magical Staves
 J - a staff of conjuration {!a}
Jewellery
 m - a ring of fire
 q - a +4 ring of protection (right hand)
 B - a ring of willpower (left hand)
 I - a ring of protection from fire
Wands
 r - a wand of polymorph (8)
 v - a wand of iceblast (11)
 z - a wand of charming (8)
Scrolls
 c - 3 scrolls of fog {unknown}
 d - a scroll of enchant weapon {unknown}
 e - a scroll of amnesia {unknown}
 g - a scroll of noise {unknown}
 h - 2 scrolls of immolation {unknown}
 i - 3 scrolls of enchant armour {unknown}
 k - a scroll of acquirement {unknown}
 o - 2 scrolls of brand weapon {unknown}
 p - 3 scrolls of silence {unknown}
 s - 6 scrolls of identify {unknown}
 u - a scroll of torment {unknown}
 y - 2 scrolls of holy word {unknown}
 E - 2 scrolls of blinking {unknown}
 G - a scroll of vulnerability {unknown}
Potions
 f - a potion of might {unknown}
 j - 2 potions of haste {@q3}
 l - a potion of curing {unknown}
 n - 2 potions of magic {unknown}
 t - a potion of cancellation {unknown}
 w - a potion of invisibility {unknown}
 C - a potion of brilliance {unknown}
 F - a potion of mutation {!q}
 H - 2 potions of attraction {unknown}

Dungeon Overview and Level Annotations

Branches:
Dungeon (9/15)             Temple (1/1) D:5            Lair (0/6) D:9
    Orc: D:9-12

Altars:
Ashenzari
Cheibriados
Dithmenos
Elyvilon
Fedhas
Gozag
Hepliaklqana
Kikubaaqudgha
Makhleb
Nemelex Xobeh
Okawaru
Qazlal
Ru
Sif Muna
Trog
Uskayaw
Vehumet
Wu Jian
Xom
Yredelemnul
Zin
The Shining One

Shops:
D:6

: ..▒.▒ . ▒.▒.▒...
.. ▒.▒.▒..▒ ...
▒.▒.▒..▒ ....
▒.▒.▒..▒
.....▒▒.▒.▒..▒
.....cy.▒.▒..▒
▒▒▒▒▒▒g▒.▒..▒
..........▒..▒
▒▒▒▒▒▒▒..▒▒..▒
............▒
▒▒▒▒▒▒▒..▒▒.▒
▒▒▒▒▒▒▒▒▒▒.▒▒.▒▒▒▒
▒..............[..
▒▒.▒▒▒▒▒▒▒..▒.▒▒▒▒
▒.▒<)..........


You could see a hornet and a centaur.


Message History

The hornet stings you.
* * * LOW HITPOINT WARNING * * *
You are lethally poisoned!
You feel as though you will be slow longer.
You closely miss the hornet.
The hornet is almost dead.
* * * LOW HITPOINT WARNING * * *
You feel very sick.
The hornet stings you but does no damage.
The hornet stings you but does no damage.
Unknown command.
You hit the hornet. Your bite misses the hornet.
The hornet is almost dead.
* * * LOW HITPOINT WARNING * * *
You feel very sick. The hornet completely misses you.
The hornet stings you but does no damage.
Unknown command.
It was a potion of mutation.
You feel extremely strange.
You feel less energetic.
You feel more energetic.
You feel resistant to poisons.
* * * LOW HITPOINT WARNING * * *
You feel sick.
The hornet stings you but does no damage.
The hornet stings you but does no damage.
The hornet stings you.
You die...

Action                   |  1- 3 |  4- 6 |  7- 9 | 10-12 || total
-------------------------+-------+-------+-------+-------++-------
Melee: Unarmed           |    96 |   159 |    81 |       ||   336
       Punch             |     3 |     3 |     5 |       ||    11
       Bite              |     2 |    11 |    25 |     8 ||    46
       Dire flail        |       |       |   204 |   100 ||   304
 Cast: Scorch            |     6 |    19 |    78 |       ||   103
Evoke: Wand              |       |       |     1 |       ||     1
  Use: Potion            |       |       |     1 |     1 ||     2
Armor: Robe              |    16 |    43 |    30 |       ||    89
       Plate armour      |       |       |   209 |   123 ||   332
Dodge: Dodged            |    44 |    70 |   136 |    28 ||   278

Levels and vault maps discovered:
D:1:      mrwooster_arrival_arrow, layout_rooms, hangedman_decor_riveting,
          minmay_three_crescents
D:2:      layout_loops_corners, nicolae_ecumenical_pavilion
D:3:      layout_basic
D:4:      layout_basic, uniq_menkaure
D:5:      layout_loops_ring, zin_angel, minmay_temple_entry_oklob, uniq_edmund
D:6:      layout_loops_corners, gammafunk_temple_overflow_statue, serial_shops,
          shop
D:7:      layout_loops_cross, okawaru_metal_pillars_1_2, skrybe_limestone_x
D:8:      layout_basic, lemuel_flamethrower_1
D:9:      layout_basic, erik_lair_orcish_takeover, gammafunk_ghost_arena,
          uniq_harold
Temple:   dpeg_five_rooms_temple

Notes
Turn   | Place    | Note
-------+----------+-------------------------------------------
     0 | D:1      | sanka the Gnoll Cinder Acolyte began the quest for the Orb.
     0 | D:1      | Reached XP level 1. HP: 23/23 MP: 4/4
   320 | D:1      | Reached XP level 2. HP: 24/29 MP: 5/5
   385 | D:1      | Learned a level 2 spell: Scorch
   798 | D:1      | Reached XP level 3. HP: 30/35 MP: 7/7
  1299 | D:2      | Reached skill level 1 in Invocations
  1400 | D:2      | Reached skill level 1 in Short Blades
  1400 | D:2      | Reached skill level 1 in Long Blades
  1400 | D:2      | Reached skill level 1 in Axes
  1400 | D:2      | Reached skill level 1 in Maces & Flails
  1400 | D:2      | Reached skill level 1 in Polearms
  1400 | D:2      | Reached skill level 1 in Staves
  1400 | D:2      | Reached skill level 1 in Slings
  1400 | D:2      | Reached skill level 1 in Bows
  1400 | D:2      | Reached skill level 1 in Crossbows
  1400 | D:2      | Reached skill level 1 in Throwing
  1400 | D:2      | Reached skill level 1 in Armour
  1400 | D:2      | Reached skill level 1 in Dodging
  1400 | D:2      | Reached skill level 1 in Stealth
  1400 | D:2      | Reached skill level 1 in Shields
  1400 | D:2      | Reached skill level 1 in Evocations
  1400 | D:2      | Reached XP level 4. HP: 39/41 MP: 3/8
  1692 | D:2      | Reached skill level 3 in Spellcasting
  2120 | D:2      | Found a faded altar of an unknown god.
  2199 | D:2      | Reached skill level 1 in Conjurations
  2199 | D:2      | Reached skill level 1 in Hexes
  2199 | D:2      | Reached skill level 1 in Summonings
  2199 | D:2      | Reached skill level 1 in Necromancy
  2199 | D:2      | Reached skill level 1 in Translocations
  2199 | D:2      | Reached skill level 1 in Transmutations
  2199 | D:2      | Reached skill level 1 in Ice Magic
  2199 | D:2      | Reached skill level 1 in Air Magic
  2199 | D:2      | Reached skill level 1 in Earth Magic
  2199 | D:2      | Reached skill level 1 in Poison Magic
  2317 | D:2      | Reached XP level 5. HP: 41/47 MP: 1/9
  3388 | D:4      | Reached XP level 6. HP: 43/53 MP: 6/10
  3478 | D:4      | Reached skill level 2 in Invocations
  3506 | D:4      | Noticed Menkaure
  3510 | D:4      | Killed Menkaure
  3511 | D:4      | Reached skill level 2 in Short Blades
  3511 | D:4      | Reached skill level 2 in Long Blades
  3511 | D:4      | Reached skill level 2 in Axes
  3511 | D:4      | Reached skill level 2 in Maces & Flails
  3511 | D:4      | Reached skill level 2 in Polearms
  3511 | D:4      | Reached skill level 2 in Staves
  3511 | D:4      | Reached skill level 2 in Slings
  3511 | D:4      | Reached skill level 2 in Bows
  3511 | D:4      | Reached skill level 2 in Crossbows
  3511 | D:4      | Reached skill level 2 in Throwing
  3511 | D:4      | Reached skill level 2 in Armour
  3511 | D:4      | Reached skill level 2 in Dodging
  3511 | D:4      | Reached skill level 2 in Stealth
  3511 | D:4      | Reached skill level 2 in Shields
  3511 | D:4      | Reached skill level 2 in Evocations
  4068 | D:5      | Entered Level 5 of the Dungeon
  4119 | D:5      | Reached XP level 7. HP: 55/59 MP: 12/12
  4206 | D:5      | Reached skill level 7 in Fighting
  4206 | D:5      | Reached skill level 7 in Unarmed Combat
  4274 | D:5      | Reached skill level 2 in Conjurations
  4274 | D:5      | Reached skill level 2 in Hexes
  4274 | D:5      | Reached skill level 2 in Summonings
  4274 | D:5      | Reached skill level 2 in Necromancy
  4274 | D:5      | Reached skill level 2 in Translocations
  4274 | D:5      | Reached skill level 2 in Transmutations
  4274 | D:5      | Reached skill level 2 in Ice Magic
  4274 | D:5      | Reached skill level 2 in Air Magic
  4274 | D:5      | Reached skill level 2 in Earth Magic
  4274 | D:5      | Reached skill level 2 in Poison Magic
  4547 | D:5      | Reached skill level 3 in Invocations
  4637 | D:5      | Reached skill level 4 in Spellcasting
  4705 | D:5      | Reached skill level 6 in Fire Magic
  4705 | D:5      | Reached XP level 8. HP: 39/67 MP: 5/14
  4980 | D:5      | Found a staircase to the Ecumenical Temple.
  5085 | D:5      | Noticed Edmund
  5093 | D:5      | Killed Edmund
  5094 | D:5      | Reached skill level 3 in Short Blades
  5094 | D:5      | Reached skill level 3 in Long Blades
  5094 | D:5      | Reached skill level 3 in Axes
  5094 | D:5      | Reached skill level 3 in Maces & Flails
  5094 | D:5      | Reached skill level 3 in Polearms
  5094 | D:5      | Reached skill level 3 in Staves
  5094 | D:5      | Reached skill level 3 in Slings
  5094 | D:5      | Reached skill level 3 in Bows
  5094 | D:5      | Reached skill level 3 in Crossbows
  5094 | D:5      | Reached skill level 3 in Throwing
  5094 | D:5      | Reached skill level 3 in Armour
  5094 | D:5      | Reached skill level 3 in Dodging
  5094 | D:5      | Reached skill level 3 in Stealth
  5094 | D:5      | Reached skill level 3 in Shields
  5094 | D:5      | Reached skill level 3 in Evocations
  5398 | D:5      | Found a glowing silver altar of Zin.
  5398 | D:5      | Noticed an angel
  5638 | D:6      | Found Keir Ykho's Book Emporium.
  6198 | D:6      | Found a shadowy altar of Dithmenos.
  6198 | D:6      | Found a snail-covered altar of Cheibriados.
  6496 | D:6      | Reached skill level 3 in Conjurations
  6496 | D:6      | Reached skill level 3 in Hexes
  6496 | D:6      | Reached skill level 3 in Summonings
  6496 | D:6      | Reached skill level 3 in Necromancy
  6496 | D:6      | Reached skill level 3 in Translocations
  6496 | D:6      | Reached skill level 3 in Transmutations
  6496 | D:6      | Reached skill level 3 in Ice Magic
  6496 | D:6      | Reached skill level 3 in Air Magic
  6496 | D:6      | Reached skill level 3 in Earth Magic
  6496 | D:6      | Reached skill level 3 in Poison Magic
  6496 | D:6      | Reached skill level 4 in Invocations
  7141 | Temple   | Entered the Ecumenical Temple
  7463 | D:7      | Reached XP level 9. HP: 53/72 MP: 16/16
  7764 | D:7      | Reached skill level 4 in Short Blades
  7764 | D:7      | Reached skill level 4 in Long Blades
  7764 | D:7      | Reached skill level 4 in Axes
  7764 | D:7      | Reached skill level 4 in Maces & Flails
  7764 | D:7      | Reached skill level 4 in Polearms
  7764 | D:7      | Reached skill level 4 in Staves
  7764 | D:7      | Reached skill level 4 in Slings
  7764 | D:7      | Reached skill level 4 in Bows
  7764 | D:7      | Reached skill level 4 in Crossbows
  7764 | D:7      | Reached skill level 4 in Throwing
  7764 | D:7      | Reached skill level 4 in Armour
  7764 | D:7      | Reached skill level 4 in Dodging
  7764 | D:7      | Reached skill level 4 in Stealth
  7764 | D:7      | Reached skill level 4 in Shields
  7764 | D:7      | Reached skill level 4 in Evocations
  7767 | D:7      | Reached skill level 5 in Spellcasting
  7886 | D:7      | Identified the +10 plate armour of Impressiveness {-Cast
                  | rF+ rN++ Will+}
  8401 | D:7      | Found an iron altar of Okawaru.
  9154 | D:8      | Noticed a troll
  9159 | D:8      | Killed a troll
  9160 | D:8      | Reached skill level 8 in Fighting
  9160 | D:8      | Reached skill level 8 in Unarmed Combat
  9767 | D:9      | Found a staircase to the Lair.
  9775 | D:8      | Reached skill level 5 in Invocations
 10260 | D:7      | HP: 6/74 [wraith (8)]
 10267 | D:7      | Reached XP level 10. HP: 8/80 MP: 18/18
 10596 | D:8      | Reached skill level 4 in Conjurations
 10596 | D:8      | Reached skill level 4 in Hexes
 10596 | D:8      | Reached skill level 4 in Summonings
 10596 | D:8      | Reached skill level 4 in Necromancy
 10596 | D:8      | Reached skill level 4 in Translocations
 10596 | D:8      | Reached skill level 4 in Transmutations
 10596 | D:8      | Reached skill level 4 in Ice Magic
 10596 | D:8      | Reached skill level 4 in Air Magic
 10596 | D:8      | Reached skill level 4 in Earth Magic
 10596 | D:8      | Reached skill level 4 in Poison Magic
 10982 | D:9      | Paralysed by a hornet for 1 turns
 10986 | D:9      | Paralysed by a hornet for 3 turns
 10996 | D:9      | HP: 6/80 [poisoned by a hornet]
 10998 | D:9      | Gained mutation: Your magical capacity is low. (-10% MP)
                  | [potion of mutation]
 10998 | D:9      | Lost mutation: Your magical capacity is low. (-10% MP)
                  | [potion of mutation]
 10998 | D:9      | Gained mutation: Your system is resistant to poisons.
                  | (rPois) [potion of mutation]
 10998 | D:9      | HP: 1/80 [poisoned by a hornet]
 10998 | D:9      | Slain by a hornet

Vanquished Creatures
  A troll (D:8)
  A wraith (D:7)
  Edmund (D:5)
  Menkaure (D:4)
  2 wargs
  3 orc warriors
  3 ice beasts
  2 sky beasts (D:5)
  A necrophage (D:8)
  3 ogres
  2 kobold brigands
  A bullfrog (D:6)
  A gnoll sergeant (D:5)
  A wyvern skeleton (D:7)
  A water moccasin zombie (D:6)
  2 water moccasin skeletons
  4 killer bees (D:7)
  An oklob sapling (D:5)
  4 wights (D:8)
  4 centaur zombies
  A hound (D:5)
  2 jellies
  3 orc priests
  A centaur skeleton (D:6)
  2 iguanas
  5 orc wizards
  A killer bee zombie (D:9)
  2 howler monkey zombies
  6 gnolls
  5 adders
  A howler monkey skeleton (D:5)
  2 shadow imps
  A white imp (D:8)
  2 adder skeletons
  2 dart slugs
  23 orcs
  7 bats
  8 endoplasms
  2 giant cockroaches
  7 goblins
  8 hobgoblins
  4 jackals (D:2)
  6 quokkas
  13 ball pythons
  15 kobolds
  4 rats
172 creatures vanquished.

Vanquished Creatures (others)
  6 plants (D:5)
6 creatures vanquished.

Grand Total: 178 creatures vanquished
